 Dungeon Crawl Stone Soup version 0.23.2 (webtiles) character file.

Game seed: 12862198109691781055

21664 Peloso the Carver (level 12, -7/106 HPs)
             Began as a Minotaur Fighter on Apr 13, 2019.
             Was a High Priest of Okawaru.
             Mangled by an eight-headed hydra (9 damage)
             ... on level 1 of the Lair of Beasts.
             The game lasted 00:35:03 (15547 turns).

Peloso the Carver (Minotaur Fighter)               Turns: 15547, Time: 00:35:03

Health: -7/106     AC: 21    Str: 24    XL:     12   Next: 56%
Magic:  12/12      EV:  8    Int:  5    God:    Okawaru [*****.]
Gold:   855        SH: 14    Dex: 12    Spells: 11/11 levels left

rFire    + . .     SeeInvis .   a - +1 falchion (protect)
rCold    + . .     Gourm    .   c - +1 shield {rC+}
rNeg     . . .     Faith    +   g - +4 chain mail {rF+}
rPois    +         Spirit   .   (helmet restricted)
rElec    .         Reflect  .   A - +1 cloak
rCorr    .         Harm     .   (no gloves)
MR       .....                  F - +1 pair of boots {run}
Stlth    ..........             C - amulet of faith
HPRegen  0.27/turn              w - ring of poison resistance
MPRegen  0.13/turn              R - -3 ring of evasion (curse)

@: quick
A: retaliatory headbutt, horns 2
a: Heroism, Finesse, Renounce Religion


You were on level 1 of the Lair of Beasts.
You worshipped Okawaru.
Okawaru was extremely pleased with you.
You were not hungry.

You visited 3 branches of the dungeon, and saw 14 of its levels.
You also visited: Sewer.

You collected 855 gold pieces.

Inventory:

Hand Weapons
 a - a +1 falchion of protection (weapon)
 O - the +5 trident of the Vine {holy, rN+}
   (You found it on level 11 of the Dungeon)

   It has been blessed by the Shining One to cause great damage to the undead
   and demons.
   It protects you from negative energy.
Missiles
 K - 24 bolts
Armour
 b - a +0 scale mail
 c - a +1 shield of cold resistance (worn)
 g - a +4 chain mail of fire resistance (worn)
 A - a +1 cloak (worn)
 F - a +1 pair of boots of running (worn)
 N - a +2 pair of boots of stealth
Jewellery
 i - an uncursed ring of ice
 w - a ring of poison resistance (left hand)
 C - an amulet of faith (around neck)
 D - an uncursed ring of magical power
 J - an uncursed amulet of the acrobat
 R - a cursed -3 ring of evasion (right hand)
Wands
 s - a wand of paralysis (15)
 E - a wand of flame (14)
 I - a wand of iceblast (8)
 L - a wand of random effects (17)
 M - a wand of acid (1)
Scrolls
 d - 8 scrolls of magic mapping
 h - 5 scrolls of amnesia
 j - 2 scrolls of fear {unknown}
 k - 3 scrolls of identify
 l - 5 scrolls of blinking
 n - 3 scrolls of enchant armour {unknown}
 r - 6 scrolls of remove curse
 u - a scroll of summoning {unknown}
 y - 2 scrolls of fog {unknown}
 B - 3 scrolls of noise {unknown}
 G - 2 scrolls of random uselessness {unknown}
 H - a scroll of enchant weapon {unknown}
Potions
 e - 3 potions of flight
 o - 4 potions of heal wounds
 p - 6 potions of brilliance
 q - 8 potions of curing
 t - a potion of cancellation
 v - 3 potions of might
 x - 3 potions of magic
 z - 2 potions of mutation
 P - a potion of berserk rage
Comestibles
 f - 20 rations


   Skills:
 + Level 9.8 Fighting
 + Level 13.5 Long Blades
 + Level 11.5 Armour
 + Level 6.6 Dodging
 + Level 1.4 Stealth
 + Level 13.5 Shields
 + Level 1.8 Invocations
 + Level 0.1 Evocations


You had 11 spell levels left.
You didn't know any spells.
Your spell library contained the following spells:

 Spells                   Type           Power        Failure   Level  Hunger
 Animate Skeleton         Necr           N/A          97%         1    ##.....
 Apportation              Tloc           #.....       97%         1    ##.....
 Confusing Touch          Hex            #.....       97%         1    ##.....
 Infusion                 Chrm           #...         97%         1    ##.....
 Magic Dart               Conj           #...         97%         1    ##.....
 Sting                    Conj/Pois      #...         97%         1    ##.....
 Summon Small Mammal      Summ           #...         97%         1    ##.....
 Blink                    Tloc           N/A          99%         2    ###....
 Call Imp                 Summ           #.......     99%         2    ###....
 Poisonous Vapours        Pois/Air       #.....       99%         2    ###....
 Searing Ray              Conj           #.....       99%         2    ###....
 Shroud of Golubria       Chrm/Tloc      #.........   99%         2    ###....
 Slow                     Hex            #.......     99%         2    ###....
 Song of Slaying          Chrm           #.......     99%         2    ###....
 Call Canine Familiar     Summ           #.......     100%        3    ####...
 Conjure Flame            Conj/Fire      #.......     100%        3    ####...
 Dazzling Spray           Conj/Hex       #.....       100%        3    ####...
 Mephitic Cloud           Conj/Pois/Air  #.......     100%        3    ####...
 Regeneration             Chrm/Necr      #.........   100%        3    ####...
 Spectral Weapon          Hex/Chrm       #.......     100%        3    ####...
 Summon Guardian Golem    Hex/Summ       #.......     100%        3    ####...
 Force Lance              Conj/Tloc      #.......     100%        4    #####..
 Fulminant Prism          Conj/Hex       #.........   100%        4    #####..
 Iskenderun's Mystic Bla  Conj           #.......     100%        4    #####..
 Olgreb's Toxic Radiance  Pois           #.......     100%        4    #####..
 Summon Ice Beast         Ice/Summ       #.......     100%        4    #####..
 Summon Lightning Spire   Summ/Air       #.......     100%        4    #####..
 Venom Bolt               Conj/Pois      #.........   100%        5    ######.
 Freezing Cloud           Conj/Ice/Air   #.........   100%        6    #######
 Ring of Flames           Chrm/Fire      #.........   100%        7    #######


Dungeon Overview and Level Annotations

Branches:
Dungeon (12/15)            Temple (1/1) D:7            Lair (1/6) D:11
    Orc: D:9-12

Altars:
Cheibriados
Dithmenos
Elyvilon
Hepliaklqana
Kikubaaqudgha
Makhleb
Nemelex Xobeh
Okawaru
Ru
Sif Muna
Trog
Uskayaw
Vehumet
Wu Jian
Xom
Zin

Shops:
D:8 (   D:10 }

Annotations:
D:4 3 runed translucent doors, Gingko's ghost, novice GrFi
D:8 3 runed translucent doors


Innate Abilities, Weirdness & Mutations

You reflexively headbutt those who attack you in melee.
You have a pair of horns on your head.


Message History

The eight-headed hydra bites you.
* * * LOW HITPOINT WARNING * * *
The eight-headed hydra bites you!
* * * LOW HITPOINT WARNING * * *
Evoke which item? (* to show all) (? for menu, Esc to quit)
Aiming: Corrosive Bolt
Press: ? - help, Shift-Dir - straight line, f/p - eight-headed hydra
Aim: an eight-headed hydra (severely wounded, covered in acid)
The bolt of acid hits the eight-headed hydra!
The eight-headed hydra is splashed with acid.
The eight-headed hydra is almost dead.
The eight-headed hydra bites you!
* * * LOW HITPOINT WARNING * * *
The eight-headed hydra bites you.
* * * LOW HITPOINT WARNING * * *
The eight-headed hydra bites you!
* * * LOW HITPOINT WARNING * * *
You block the eight-headed hydra's attack. x2
The eight-headed hydra bites you!
You die...

### ### ###
###P.####P#####P###
...............D@.#
.........^........#
..................#
[...>.............#
..................#
..................#
###################


You could see an eight-headed hydra.

Vanquished Creatures
  Fannar (D:10)
  A hydra (Lair:1)
  Harold (D:11)
  A catoblepas (D:11)
  A two-headed ogre (D:11)
  2 unseen horrors
  A cyclops (D:12)
  2 ugly things (D:11)
  Psyche (D:9)
  A black mamba (Lair:1)
  A gargoyle (D:11)
  3 komodo dragons (Lair:1)
  A centaur skeleton (D:10)
  3 trolls
  A hornet (D:11)
  A wyvern (D:8)
  4 hippogriffs
  3 vampires
  A human (D:7)
  24 yaks
  4 hogs (D:7)
  A steam dragon (D:9)
  Menkaure (D:5)
  A water moccasin (Lair:1)
  An acid dragon (D:11)
  A soldier ant (D:11)
  7 porcupines
  5 sky beasts
  An ice beast (D:11)
  6 orc warriors
  6 black bears
  2 phantoms
  3 ogres
  6 wolves
  5 centaurs
  2 crocodiles (Lair:1)
  6 bullfrogs
  2 gnoll sergeants
  5 scorpions
  7 killer bees
  6 wights
  3 howler monkeys
  6 crimson imps
  2 bullfrog zombies
  2 centaur zombies
  3 orc priests
  Crazy Yiuf (D:5)
  6 hounds
  2 bullfrog skeletons
  4 jellies
  10 orc wizards
  Ijyb (D:3)
  4 iguanas
  11 worker ants
  A hound skeleton (D:6)
  11 gnolls
  9 adders
  5 river rats
  3 shadow imps
  3 oozes
  An adder zombie (D:6)
  A worm (D:4)
  A dart slug (D:4)
  4 leopard geckos
  35 orcs
  3 giant cockroaches
  3 goblins
  9 hobgoblins
  4 jackals (D:5)
  2 quokkas
  15 ball pythons
  8 bats
  5 frilled lizards
  3 kobolds
  25 rats
338 creatures vanquished.

Vanquished Creatures (others)
  33 fungi
  12 plants
45 creatures vanquished.

Grand Total: 383 creatures vanquished

Notes
Turn   | Place    | Note
-------+----------+-------------------------------------------
     0 | D:1      | Peloso the Minotaur Fighter began the quest for the Orb.
     0 | D:1      | Reached XP level 1. HP: 19/19 MP: 0/0
    63 | D:1      | Reached XP level 2. HP: 25/27 MP: 1/1
   538 | D:2      | Reached XP level 3. HP: 28/33 MP: 2/2
   577 | D:2      | Found a glowing silver altar of Zin.
  1009 | D:3      | Reached XP level 4. HP: 32/40 MP: 3/3
  1076 | D:3      | Noticed a gnoll sergeant
  1115 | D:3      | Reached XP level 5. HP: 10/47 MP: 4/4
  1383 | D:3      | Reached skill level 1 in Dodging
  1396 | D:3      | Reached skill level 5 in Armour
  1404 | D:3      | Reached skill level 5 in Shields
  1408 | D:3      | HP: 2/70 [gnoll/+0 halberd (6)]
  1691 | D:3      | Reached XP level 6. HP: 52/53 MP: 5/5
  1874 | D:3      | Noticed Ijyb
  1875 | D:3      | Paralysed by Ijyb for 7 turns
  1886 | D:3      | Paralysed by Ijyb for 7 turns
  1897 | D:3      | Killed Ijyb
  2496 | D:4      | Found a runed translucent gate.
  2496 | D:4      | Found a runed translucent gate.
  2496 | D:4      | Found a runed translucent gate.
  2717 | D:4      | Noticed Gingko's ghost (novice GrFi)
  2755 | D:5      | Entered Level 5 of the Dungeon
  2762 | D:5      | Reached skill level 5 in Long Blades
  2762 | D:5      | Reached XP level 7. HP: 59/60 MP: 6/6
  2899 | D:5      | Found a glowing drain.
  2903 | Sewer    | Entered a sewer
  3141 | Sewer    | Reached skill level 5 in Fighting
  3588 | D:5      | Noticed Menkaure
  3594 | D:5      | Killed Menkaure
  3594 | D:5      | Reached XP level 8. HP: 65/69 MP: 7/7
  3619 | D:5      | Found a deep blue altar of Sif Muna.
  3757 | D:5      | Found a burning altar of Makhleb.
  3974 | D:5      | Found a runed translucent door.
  3975 | D:5      | Noticed Crazy Yiuf
  3986 | D:5      | Killed Crazy Yiuf
  4799 | D:6      | Found a white marble altar of Elyvilon.
  4892 | D:6      | Reached XP level 9. HP: 74/75 MP: 8/8
  4958 | D:6      | Found a shadowy altar of Dithmenos.
  5146 | D:7      | Found a staircase to the Ecumenical Temple.
  5159 | Temple   | Entered the Ecumenical Temple
  5204 | Temple   | Became a worshipper of Warmaster Okawaru
  5450 | D:7      | Reached * piety under Okawaru
  5456 | D:7      | Reached skill level 1 in Stealth
  5852 | D:7      | Found a snail-covered altar of Cheibriados.
  6045 | D:8      | Reached skill level 5 in Dodging
  6107 | D:8      | Found Uttuti's Weapon Emporium.
  6143 | D:8      | Found a runed translucent door.
  6199 | D:8      | Reached ** piety under Okawaru
  6368 | D:8      | Reached skill level 10 in Long Blades
  6389 | D:8      | Killed an unseen horror
  6389 | D:8      | Reached XP level 10. HP: 19/84 MP: 9/9
  6666 | D:8      | Found a runed translucent door.
  6980 | D:8      | Noticed an eight-headed hydra
  6980 | D:8      | Noticed a manticore
  6980 | D:8      | Noticed a catoblepas
  6980 | D:8      | Noticed a centaur warrior
  6980 | D:8      | Noticed a two-headed ogre
  6981 | D:8      | Found a runed translucent door.
  7174 | D:9      | Found a sparkling altar of Nemelex Xobeh.
  7240 | D:9      | Reached *** piety under Okawaru
  7396 | D:9      | Found a hide-covered altar of Uskayaw.
  7396 | D:9      | Found a shimmering altar of Xom.
  7398 | D:9      | Found an ancient bone altar of Kikubaaqudgha.
  7400 | D:9      | Found an ornate altar of the Wu Jian Council.
  7401 | D:9      | Found a radiant altar of Vehumet.
  7423 | D:9      | Noticed Psyche
  7439 | D:9      | Killed Psyche
  7439 | D:9      | Reached skill level 10 in Shields
  7562 | D:9      | Found a sacrificial altar of Ru.
  7877 | D:10     | Entered Level 10 of the Dungeon
  8403 | D:10     | Noticed Fannar
  8479 | D:10     | Killed Fannar
  8479 | D:10     | Reached **** piety under Okawaru
  8775 | D:10     | Reached XP level 11. HP: 92/92 MP: 10/10
  9083 | D:10     | Found Ikimaejy's Gadget Boutique.
  9127 | D:10     | Found a bloodstained altar of Trog.
  9605 | D:11     | Killed an unseen horror
  9605 | D:11     | Reached skill level 10 in Armour
  9639 | D:11     | Noticed a cyan ugly thing
  9659 | D:11     | Killed a cyan ugly thing
  9659 | D:11     | Reached ***** piety under Okawaru
  9689 | D:11     | Received a gift from Okawaru
  9737 | D:11     | Identified a +1 pair of boots of running (Okawaru gifted it
                  | to you on level 11 of the Dungeon)
 10350 | D:11     | Noticed a two-headed ogre
 10417 | D:11     | HP: 4/94 [two-headed ogre/+0 giant spiked club (14)]
 10420 | D:11     | Killed a two-headed ogre
 10567 | D:11     | Noticed Harold
 10815 | D:11     | Killed Harold
 11324 | D:11     | Found a staircase to the Lair.
 11387 | D:11     | Noticed a brown ugly thing
 11406 | D:11     | Killed a brown ugly thing
 11846 | D:11     | Got a scorched trident
 11847 | D:11     | Identified the +5 trident of the Vine {holy, rN+} (You
                  | found it on level 11 of the Dungeon)
 12403 | D:11     | Reached XP level 12. HP: 94/104 MP: 11/11
 12414 | D:11     | Received a gift from Okawaru
 12520 | D:12     | Noticed a catoblepas
 13874 | D:11     | Killed a catoblepas
 13874 | D:11     | Reached skill level 1 in Invocations
 14558 | Lair:1   | Entered Level 1 of the Lair of Beasts
 15451 | Lair:1   | Noticed a six-headed hydra
 15463 | Lair:1   | Killed a six-headed hydra
 15490 | Lair:1   | Received a gift from Okawaru
 15505 | Lair:1   | Noticed an eight-headed hydra
 15547 | Lair:1   | HP: 2/106 [eight-headed hydra (7)]
 15547 | Lair:1   | Mangled by an eight-headed hydra

Skill      XL: |  1  2  3  4  5  6  7  8  9 10 11 12 |
---------------+-------------------------------------+-----
Armour         | 4 5 6 7 8 9 10 11 | 11.5
Shields        | 4 5 6 7 9 10 12 13 | 13.5
Fighting       | 4 5 6 7 9 |  9.8
Long Blades    | 3 4 5 6 8 10 11 12 13 | 13.5
Dodging        | 1 2 3 4 5 6 |  6.6
Stealth        | 1 |  1.4
Invocations    | 1 |  1.8
Evocations     | |  0.1

Action                   |  1- 3 |  4- 6 |  7- 9 | 10-12 || total
-------------------------+-------+-------+-------+-------++-------
Melee: Long sword        |    72 |   109 |   398 |   580 ||  1159
       Headbutt          |    13 |    20 |    86 |   260 ||   379
       Falchion          |       |       |       |   323 ||   323
Invok: Heroism           |       |       |     1 |    15 ||    16
       Finesse           |       |       |       |     2 ||     2
Evoke: Wand              |       |       |       |    10 ||    10
  Use: Potion            |       |     4 |     1 |     5 ||    10
       Scroll            |       |     1 |     1 |    18 ||    20
  Eat: Chunk             |       |     5 |     9 |    17 ||    31
       Ration            |       |       |     1 |     4 ||     5
Armor: Scale mail        |    40 |       |       |       ||    40
       Chain mail        |     8 |    35 |   230 |   439 ||   712
       Skin              |       |    19 |       |       ||    19
Dodge: Dodged            |    39 |    36 |   124 |   263 ||   462
Block: Shield            |    47 |    59 |   258 |   607 ||   971
       Rpst.: Long sword |    10 |     7 |    34 |    44 ||    95
       Falchion          |       |       |       |    39 ||    39
